 Dungeon Crawl Stone Soup version 0.18.1-50-g88ac8fd (webtiles) character file.

83 ololoev the Chopper (level 4, 29/54 HPs)
             Began as a Demonspawn Berserker on Oct 28, 2016.
             Was a Believer of Trog.
             Quit the game on level 2 of the Dungeon.
             The game lasted 00:02:21 (443 turns).

ololoev the Chopper (Demonspawn Berserker)           Turns: 443, Time: 00:02:22

Health: 29/54      AC:  7    Str: 23    XL:     4   Next: 22%
Magic:  4/4        EV: 12    Int:  9    God:    Trog [**....]
Gold:   43         SH:  0    Dex: 12    Spells: 0 memorised, 3 levels left

rFire  . . .     SeeInvis .     a - +0 hand axe
rCold  . . .     Gourm    .     b - +0 animal skin
rNeg   . . .     Faith    .     (no shield)
rPois  .         Spirit   +     g - +1 helmet
rElec  .         Dismiss  .     (no cloak)
rCorr  .         Reflect  .     (no gloves)
SustAt .         Harm     .     (no boots)
MR     .....                    (no amulet)
Stlth  ..........               h - ring of loudness (curse)
                                f - +3 ring of protection (curse)

@: berserking, drained, very quick, not resistant to hostile enchantments,
extremely unstealthy
A: talons 1, nightstalker 1, magic shield
a: Berserk, Trog's Hand, Burn Spellbooks, Renounce Religion


Innate Abilities, Weirdness & Mutations

You have sharp toenails.
You are slightly more attuned to the shadows.
When hurt, damage is shared between your health and your magic reserves.

Inventory:

Hand Weapons
 a - a +0 hand axe (weapon)
Armour
 b - a +0 animal skin (worn)
 g - a +1 helmet (worn)
Jewellery
 f - a cursed +3 ring of protection (left hand)
 h - a cursed ring of loudness (right hand)
Scrolls
 d - a scroll of amnesia {unknown}
 j - a scroll of blinking {unknown}
Potions
 e - a potion of brilliance {unknown}
 l - 2 potions of curing {unknown}
Comestibles
 c - 2 bread rations
 i - 2 meat rations
 k - 4 chunks of flesh


   Skills:
 + Level 3.6(3.1) Fighting
 * Level 3.8(3.2) Axes
 + Level 2.4(1.9) Armour
 - Level 1.7(1.2) Dodging


You had 3 spell levels left.
You didn't know any spells.


You were on level 2 of the Dungeon.
You worshipped Trog.
Trog was pleased with you.
You were not hungry.

You visited 1 branch of the dungeon, and saw 2 of its levels.

You collected 43 gold pieces.

######### .......
#. ..#..#
.#..##.#..#
......)...#######
....l.)@....(...#
....##†#(######.# .
#.#.#......###
#.#..........######
#.###.............#
#. #.........# #.#
#.###.[.......##...
#..................
#######.[..........

Notes
Turn   | Place    | Note
--------------------------------------------------------------
     0 | D:1      | ololoev the Demonspawn Berserker began the quest for the Orb.
     0 | D:1      | Reached XP level 1. HP: 18/18 MP: 1/1
    16 | D:1      | Goblin1989: круто же
    99 | D:1      | Goblin1989: был бы у меня нормальный интернет я бы попробовал
   104 | D:1      | Gained mutation: When hurt, damage is shared between your health and your magic reserves. [demonic ancestry]
   104 | D:1      | Reached XP level 2. HP: 14/24 MP: 2/2
   366 | D:2      | Reached ** piety under Trog
   379 | D:2      | Gained mutation: You have sharp toenails. [demonic ancestry]
   379 | D:2      | Reached XP level 3. HP: 22/29 MP: 1/3
   433 | D:2      | Noticed Natasha
   433 | D:2      | Noticed Ijyb
   441 | D:2      | Killed Natasha
   442 | D:2      | Killed Ijyb
   442 | D:2      | Gained mutation: You are slightly more attuned to the shadows. [demonic ancestry]
   442 | D:2      | Reached XP level 4. HP: 29/36 MP: 4/4
   443 | D:2      | Quit the game

Dungeon Overview and Level Annotations

Branches:
Dungeon (2/15)

Altars:


Message History

The bat closely misses you.
You see here a giant newt corpse.
The bat hits you but does no damage. The bat closely misses you.
The bat hits you but does no damage.
You slash the bat!
You kill the bat!
Trog accepts your kill.
Magic restored.
Found a leather armour.
You feel yourself speed up.
l - 2 metallic dark potions
c - 2 bread rations (gained 1)
You see here a robe.
You feel less exhausted.
A kobold comes into view. It is wielding a whip.
The kobold shouts!
You hear a shout!
You hear an angry hiss.
The kobold throws a stone.
The stone hits you but does no damage.
You see here a stone.
Ijyb and Natasha come into view.
Ijyb shouts!
Natasha wildly gestures.
You feel disoriented.
The kobold throws a stone.
The stone hits you. Natasha barely misses you.
You see here a stone.
You hit Natasha but do no damage. Your kick misses Natasha.
The kobold throws a stone.
The stone barely misses you. Natasha misses you.
You hit Natasha but do no damage.
The kobold throws a stone.
The stone hits you but does no damage. Natasha casts a spell at you.
The magic dart hits you!
You miss Ijyb. Your kick misses Ijyb. You closely miss Natasha.
Natasha claws you but does no damage. Ijyb hits you but does no damage.
You hit Ijyb. Your kick misses Ijyb.
Ijyb is moderately wounded.
You hit Natasha but do no damage. You hit the kobold.
The kobold is moderately wounded.
The kobold hits you with a whip. Natasha claws you. Ijyb barely misses you.
The kobold barely misses you.
A giant newt comes into view.
Use which ability? (? or * to list)
A red film seems to cover your vision as you go berserk!
You feel yourself moving faster!
You feel mighty!
You feel quite a bit more hungry. Natasha closely misses you.
Ijyb closely misses you. The kobold hits you with a whip.
Unknown command.
You slash Natasha! Your kick misses Natasha.
Natasha is heavily wounded.
You hit Ijyb.
Ijyb is moderately wounded.
You closely miss the kobold.
The kobold is moderately wounded.
Natasha casts a spell.
Ijyb misses you.
Unknown command.
You closely miss Ijyb. You claw Ijyb.
Ijyb is heavily wounded.
You hit the kobold.
You kill the kobold!
Trog accepts your kill.
You closely miss Natasha.
Natasha is heavily wounded.
Natasha closely misses you.
Unknown command.
You slash Natasha!
You kill Natasha!
Trog accepts your kill.
Trog appreciates your killing of a magic user.
Natasha screams in pain as she dies!
You closely miss Ijyb.
Ijyb is heavily wounded.
The white imp disappears in a puff of smoke!
Ijyb barely misses you.
Unknown command.
You slash Ijyb!
You kill Ijyb!
Trog accepts your kill.
You have reached level 4!
You feel clever.
Your demonic ancestry asserts itself...
You slip into the darkness of the dungeon.
Are you sure you want to abandon this character and quit the game? (Confirm with "yes".)

You could see a giant newt.

Vanquished Creatures
  Ijyb (D:2)
  Natasha (D:2)
  A worm (D:2)
  A dart slug (D:1)
  2 giant cockroaches (D:1)
  4 goblins
  4 hobgoblins
  7 bats
  A giant newt (D:2)
  4 kobolds
  3 rats (D:1)
29 creatures vanquished.

Action                   |  1- 3 |  4- 6 || total
-------------------------+-------+-------++-------
Melee: Hand axe          |    87 |       ||    87
       Kick              |     3 |       ||     3
Invok: Berserk           |     3 |       ||     3
 Stab: Sleeping          |     1 |       ||     1
  Eat: Chunk             |     1 |       ||     1
Armor: Animal skin       |    42 |       ||    42
Dodge: Dodged            |    79 |       ||    79

Vault maps used:
D:1:      dpeg_arrival_houses_and_road
D:2:      first_bread, uniq_natasha, uniq_iyjb
